 Dungeon Crawl Stone Soup version 0.28-a0-474-g535839065c (webtiles) character file.

Game seed: 18060655979269887656

529 frimble the Sneak (level 7, -14/45 HPs)
             Began as an Octopode Warper on Sept 16, 2021.
             Demolished by Prince Ribbit (16 damage)
             ... on level 5 of the Dungeon.
             The game lasted 00:11:12 (6541 turns).

frimble the Sneak (Octopode Warper)                 Turns: 6541, Time: 00:11:13

Health: -14/45     AC:  1    Str: 10    XL:     7   Next: 23%
Magic:  8/10       EV: 13    Int: 24    God:
Gold:   198        SH:  0    Dex: 11    Spells: 5/10 levels left

rFire   . . .      SeeInvis .   a - +0 short sword
rCold   . . .      Faith    .   (no shield)
rNeg    . . .      Spirit   .   (helmet restricted)
rPois   .          Reflect  .   (no amulet)
rElec   .          Harm     .   n - +6 ring of intelligence
rCorr   .          Rampage  .   (no ring)
Will    .....                   (no ring)
Stlth   ++++......              (no ring)
HPRegen 0.15/turn               (no ring)
MPRegen 0.12/turn               (no ring)
                                (no ring)
                                (no ring)

@: no status effects
A: almost no armour, amphibious, 8 rings, camouflage 1, gelatinous body 1,
(nimble swimmer 1), tentacles
a: no special abilities


You were on level 5 of the Dungeon.
You visited 1 branch of the dungeon, and saw 5 of its levels.

You collected 213 gold pieces.
You spent 15 gold pieces at shops.

Inventory:

Hand Weapons
 a - a +0 short sword (weapon)
 b - a +0 hunting sling
Missiles
 c - 5 boomerangs of dispersal
 d - 18 poisoned darts (quivered)
 m - 184 stones
 p - 2 boomerangs
Jewellery
 n - a +6 ring of intelligence (left tentacle)
Wands
 o - a wand of iceblast (7)
Scrolls
 k - 2 scrolls of enchant armour
 l - 2 scrolls of blinking
 q - a scroll of magic mapping
Potions
 e - a potion of attraction
 f - 2 potions of mutation
 g - 2 potions of heal wounds
 h - a potion of invisibility {unknown}
 i - a potion of might
 j - 2 potions of curing {unknown}


   Skills:
 - Level 2.0 Fighting
 + Level 4.3 Short Blades
 + Level 3.7 Throwing
 - Level 2.3 Dodging
 - Level 5.0 Stealth
 + Level 2.4 Spellcasting
 + Level 3.7 Translocations
 + Level 1.4 Evocations


You had 5 spell levels left.
You knew the following spells:

 Your Spells              Type           Power      Damage    Failure   Level
a - Blink                 Tloc           N/A        N/A       3%          2
b - Inner Flame           Hex/Fire       2%         N/A       34%         3

Your spell library contained the following spells:

 Spells                   Type           Power      Damage    Failure   Level
 Gell's Gravitas          Tloc           10%        N/A       8%          3
 Lesser Beckoning         Tloc           21%        N/A       8%          3
 Teleport Other           Tloc           21%        N/A       8%          3
 Slow                     Hex            2%         N/A       17%         2
 Confusing Touch          Hex            2%         N/A       34%         3
 Vampiric Draining        Necr           1%         2d6       34%         3
 Manifold Assault         Tloc           21%        N/A       56%         5
 Cause Fear               Hex            1%         N/A       75%         4
 Discord                  Hex            1%         N/A       100%        8


Dungeon Overview and Level Annotations

Branches:
Dungeon (5/15)
 Temple: D:4-7

Altars:
Cheibriados
Elyvilon
Kikubaaqudgha
Sif Muna
Trog

Shops:
D:2 *

Annotations:
D:5 Prince Ribbit


Innate Abilities, Weirdness & Mutations

You cannot wear most types of armour.
You are amphibious.
You can wear up to eight rings at the same time.
Your skin changes colour to match your surroundings (Stealth+).
Your rubbery body absorbs attacks. (AC +1, EV +1)
((You are camouflaged near water. (Stealth+)))
You have tentacles for arms and can constrict up to eight enemies at once.


Message History

Aim: Prince Ribbit (poisoned, 34% to hit)
You throw a poisoned dart.
The poisoned dart barely misses Prince Ribbit.
Prince Ribbit croaks regally.
Throw: 22 darts (poison)
Press: ? - help, Q - select action, (/) - cycle Shift-Dir - straight line, f/p - Prince Ribbit
Aim: Prince Ribbit (poisoned, 34% to hit)
You throw a poisoned dart. The poisoned dart misses Prince Ribbit.
Prince Ribbit blinks!
Prince Ribbit closely misses you.
Throw: 21 darts (poison)
Press: ? - help, Q - select action, (/) - cycle Shift-Dir - straight line, f/p - Prince Ribbit
Aim: Prince Ribbit (poisoned, 34% to hit)
You throw a poisoned dart.
The poisoned dart barely misses Prince Ribbit.
Prince Ribbit blinks!
Throw: 20 darts (poison)
Press: ? - help, Q - select action, (/) - cycle Shift-Dir - straight line, f/p - Prince Ribbit
Aim: Prince Ribbit (poisoned, 34% to hit)
You throw a poisoned dart. The poisoned dart hits Prince Ribbit!
Prince Ribbit looks even sicker.
You barely miss Prince Ribbit. Your grab misses Prince Ribbit.
You squeeze Prince Ribbit!
Prince Ribbit is moderately wounded.
Prince Ribbit blinks!
Prince Ribbit hits you! x2
You are too injured to fight recklessly!
You are too injured to fight recklessly!
You are too injured to fight recklessly!
You are too injured to fight recklessly!
Throw: 19 darts (poison)
Press: ? - help, Q - select action, (/) - cycle Shift-Dir - straight line, f/p - Prince Ribbit
Aim: Prince Ribbit (moderately wounded, very poisoned, 34% to hit)
You throw a poisoned dart.
The poisoned dart barely misses Prince Ribbit.
Prince Ribbit hits you!
* * * LOW HITPOINT WARNING * * *
Casting: Blink (safe; 3% risk of failure)
Confirm with . or Enter, or press ? or * to list all spells.
You blink.
Prince Ribbit hits you!
You die...

#§# ##'###.# #####..# #(#
#.# #.# #..# #.# #.#
.#######..# #@# ##.##
.........# #.# ######...##
########.# #.# ##.........#
#.#
#.####.........###########.#
#.@..@.....#..###..........#
######..##.#.@###.##########
#..##...F....#
#(.####§.##### #(....<.(#
#.....(..# ########.# #.#
..# ...


You could see Prince Ribbit (very poisoned).

Vanquished Creatures
  Edmund (D:4)
  A phantom (D:4)
  2 orc wizards (D:3)
  7 gnolls (D:4)
  6 adders
  An ufetubus (D:3)
  An adder skeleton (D:5)
  2 worms (D:3)
  2 dart slugs
  14 orcs
  11 bats
  5 endoplasms
  A giant cockroach (D:2)
  30 goblins
  27 hobgoblins
  7 kobolds
  2 quokkas
  10 ball pythons
  A ball python skeleton (D:2)
  A frilled lizard (D:3)
  4 rats
136 creatures vanquished.

Vanquished Creatures (others)
  8 plants (D:3)
8 creatures vanquished.

Grand Total: 144 creatures vanquished

Notes
Turn   | Place    | Note
-------+----------+-------------------------------------------
     0 | D:1      | frimble the Octopode Warper began the quest for the Orb.
     0 | D:1      | Reached XP level 1. HP: 14/14 MP: 3/3
    50 | D:1      | Reached skill level 1 in Stealth
    56 | D:1      | Reached XP level 2. HP: 3/19 MP: 5/5
   665 | D:1      | Reached skill level 2 in Stealth
   871 | D:1      | Found a faded altar of an unknown god.
  1075 | D:2      | Reached XP level 3. HP: 14/24 MP: 6/6
  1555 | D:2      | Found Tynud's Assorted Antiques.
  1565 | D:2      | Bought a coppery potion for 15 gold pieces
  1801 | D:3      | Reached skill level 3 in Stealth
  1806 | D:3      | Reached XP level 4. HP: 25/29 MP: 7/7
  2130 | D:3      | Found a white marble altar of Elyvilon.
  2376 | D:3      | Reached XP level 5. HP: 32/34 MP: 8/8
  2447 | D:3      | Noticed an ice beast
  2565 | D:3      | Reached skill level 4 in Stealth
  2962 | D:3      | Found a bloodstained altar of Trog.
  3441 | D:3      | Learned a level 2 spell: Blink
  3495 | D:3      | Found a snail-covered altar of Cheibriados.
  3496 | D:3      | Found an ancient bone altar of Kikubaaqudgha.
  3628 | D:3      | Learned a level 3 spell: Inner Flame
  3839 | D:4      | Noticed a phantom
  4117 | D:4      | Found a shimmering blue altar of Sif Muna.
  4378 | D:4      | Killed a phantom
  4379 | D:4      | Reached XP level 6. HP: 13/39 MP: 9/9
  5407 | D:4      | Reached skill level 5 in Stealth
  6265 | D:5      | Entered Level 5 of the Dungeon
  6353 | D:5      | Noticed Prince Ribbit
  6402 | D:5      | Noticed Edmund
  6427 | D:4      | Killed Edmund
  6428 | D:4      | Reached skill level 1 in Evocations
  6428 | D:4      | Reached XP level 7. HP: 31/45 MP: 7/10
  6540 | D:5      | HP: 2/45 [Prince Ribbit (17)]
  6541 | D:5      | Demolished by Prince Ribbit

Illustrated notes

Levels and vault maps discovered:
D:1:      dpeg_arrival_simpleton_c, layout_rooms, basic_ecumenical_altar
D:2:      layout_rooms, serial_shops, shop, serial_park_tiny_2,
          kennysheep_generic_room_13
D:3:      layout_basic, lemuel_round_altar, nicolae_overflow_crystal_walls,
          gammafunk_temple_overflow_pools, grunt_ministairs_11,
          serial_bayou_crossing
D:4:      minmay_goblin_kobold_castle, layout_loops_ring, led_sif_pool
D:5:      layout_loops_corners, minmay_temple_entry_drinking_statues,
          uniq_prince_ribbit1, uniq_edmund

Skill      XL: |  1  2  3  4  5  6 |
---------------+-------------------+-----
Stealth        | 1 2 3 4 5 |  5.0
Short Blades   | 3 4 |  4.3
Throwing       | 2 3 |  3.7
Evocations     | 1 |  1.4
Fighting       | |  2.0
Dodging        | |  2.3
Spellcasting   | |  2.4
Translocations | |  3.7

Action                   |  1- 3 |  4- 6 |  7- 9 || total
-------------------------+-------+-------+-------++-------
Melee: Short sword       |    70 |   143 |     1 ||   214
       Constrict         |    17 |    36 |       ||    53
       Tentacles         |     7 |    21 |     1 ||    29
 Fire: Hunting sling     |       |   124 |       ||   124
Throw: Dart              |     7 |    23 |     9 ||    39
 Cast: Blink             |       |     5 |     1 ||     6
Evoke: Wand              |       |     1 |       ||     1
  Use: Scroll            |     5 |     4 |       ||     9
       Potion            |       |     1 |       ||     1
 Stab: Sleeping          |     8 |    11 |       ||    19
       Distracted        |       |     1 |       ||     1
Armor: Skin              |    14 |    10 |       ||    24
Dodge: Dodged            |    70 |    97 |     1 ||   168

Table legend: (Time is in decaauts)
 A = Elapsed time spent in this place.
 B = Non-inter-level travel time spent in this place.
 C = Inter-level travel time spent in this place.
 D = Time resting spent in this place.
 E = Time spent auto-exploring this place.
 F = Levels seen in this place.
 G = Mean time per level.
                   A        B        C        D        E       F      G
               +--------+--------+--------+--------+--------+-----+--------+
         Total |   6526 |   6342 |    184 |    113 |   4796 |   5 | 1305.2 |
       Dungeon |   6526 |   6342 |    184 |    113 |   4796 |   5 | 1305.2 |
               +--------+--------+--------+--------+--------+-----+--------+

Top non-repeatable levels by time:
     D:4: 2652 daAuts
     D:3: 1866 daAuts
     D:1: 1047 daAuts
     D:2: 794 daAuts
     D:5: 166 daAuts
